 Dungeon Crawl Stone Soup version 0.28-a0-1395-g4f6bc678fa (webtiles) character file.

Game seed: 16629653944053782208

665 kae the Changer (level 7, -4/52 HPs)
             Began as a Purple Draconian Transmuter on Jan 3, 2022.
             Slain by a water moccasin (5 damage)
             ... on level 5 of the Dungeon on Jan 4, 2022.
             The game lasted 00:04:15 (6133 turns).

kae the Changer (Purple Draconian Transmuter)       Turns: 6133, Time: 00:04:15

Health: -4/52      AC:  2    Str: 13    XL:     7   Next: 31%
Magic:  12/14      EV: 19    Int: 15    God:
Gold:   139        SH:  0    Dex: 16    Spells: 7/15 levels left

rFire   . . .      SeeInvis .     - Unarmed
rCold   . . .      Faith    .   (shield currently unavailable)
rNeg    . . .      Spirit   .   (armour unavailable)
rPois   x          Reflect  .   (helmet currently unavailable)
rElec   .          Harm     .   (cloak currently unavailable)
rCorr   .          Rampage  .   (gloves currently unavailable)
Will    +....                   (boots currently unavailable)
Stlth   +.........              (no amulet)
HPRegen 0.17/turn               (no ring)
MPRegen 0.14/turn               (no ring)

@: lethally poisoned (-4 -> -24), spider-form
A: venomous fangs, (breathe power), AC +6, tiny, unfitting armour,
(cold-blooded)
a: End Transformation


You were on level 5 of the Dungeon.
You were a venomous arachnid creature.
You visited 1 branch of the dungeon, and saw 5 of its levels.

You collected 204 gold pieces.
You spent 65 gold pieces at shops.

Inventory:

Missiles
 i - 2 throwing nets
Armour
 m - a +1 cloak (melded)
Wands
 f - a wand of mindburst (13)
 g - a wand of charming (12)
Scrolls
 h - a scroll of amnesia
Potions
 a - 2 potions of mutation
 b - 2 potions of heal wounds
 c - a potion of degeneration {unknown}
 d - a potion of berserk rage
 e - 3 potions of curing
 j - a potion of haste {unknown}


   Skills:
 - Level 1.1 Fighting
 - Level 1.7 Dodging
 - Level 3.0 Unarmed Combat
 + Level 4.8 Spellcasting
 * Level 5.9 Transmutations
 * Level 3.7 Ice Magic
 - Level 1.0 Poison Magic


You had 7 spell levels left.
You knew the following spells:

 Your Spells              Type           Power      Damage    Failure   Level
a - Beastly Appendage     Tmut           42%        N/A       6%          1
b - Spider Form           Tmut/Pois      14%        N/A       28%         3
c - Ice Form              Ice/Tmut       18%        N/A       43%         4

Your spell library contained the following spells:

 Spells                   Type           Power      Damage    Failure   Level
 Wereblood                Tmut           21%        N/A       9%          2
 Animate Skeleton         Necr           6%         N/A       36%         1
 Pain                     Necr           12%        1d4       36%         1
 Sublimation of Blood     Necr           3%         N/A       47%         2
 Petrify                  Tmut/Erth      12%        N/A       65%         4
 Vampiric Draining        Necr           3%         2d6       67%         3
 Irradiate                Conj/Tmut      6%         3d16      92%         5


Dungeon Overview and Level Annotations

Branches:
Dungeon (5/15)
 Temple: D:4-7

Altars:
Cheibriados
Fedhas
Nemelex Xobeh
Qazlal
The Shining One

Shops:
D:3 *


Innate Abilities, Weirdness & Mutations

You are a venomous arachnid creature.
You have poisonous fangs.
You are tiny and dextrous.
Your spellcasting is less reliable in this form.
Your armour is entirely melded.
You are incapable of wielding weapons or throwing items.
((You can breathe bolts of dispelling energy.))
((Your rich purple scales are hard. (AC +6)))
You cannot fit into any form of body armour.
((You are cold-blooded and may be slowed by cold attacks.))


Message History

The scorpion stings you! The water moccasin closely misses you.
You are too injured to fight recklessly!
There are monsters nearby!
You are too injured to fight recklessly!
You are too injured to fight recklessly!
There are monsters nearby!
You are too injured to fight recklessly!
You are too injured to fight recklessly!
There are monsters nearby!
You are too injured to fight recklessly!
You are too injured to fight recklessly!
You are too injured to fight recklessly!
You are too injured to fight recklessly!
You barely miss the scorpion.
The scorpion is heavily wounded.
You feel very sick. The water moccasin closely misses you.
The scorpion stings you but does no damage.
You hit the scorpion but do no damage.
The scorpion looks as sick as possible!
The scorpion is heavily wounded.
You feel sick.
You kill the scorpion!
The water moccasin bites you.
You are lethally poisoned!
The water moccasin poisons you!
The water moccasin completely misses you.
You closely miss the water moccasin.
* * * LOW HITPOINT WARNING * * *
You feel extremely sick.
The water moccasin completely misses you.
You barely miss the water moccasin.
* * * LOW HITPOINT WARNING * * *
You feel extremely sick. The water moccasin misses you.
You hit the water moccasin.
The water moccasin is poisoned.
The water moccasin is lightly wounded.
* * * LOW HITPOINT WARNING * * *
You feel very sick. The water moccasin bites you.
You die...

#...# #...#
############# #####...#
#...........# .....####
#...........# .....####
#...........# ........#
#...........#
........####...........#
........'..+....?...$..#
........####....s†.....#
....#...'..#.....S.....#
....#...##.#...........#
....#...#..'...........#
#######.####...........#
... .<..##########
#.##....# #..#....# #.
#..?.#


You could see a water moccasin (very poisoned).

Vanquished Creatures
  A kobold brigand (D:5)
  3 scorpions
  A crimson imp (D:3)
  A bullfrog skeleton (D:4)
  2 hounds
  An orc priest (D:4)
  2 iguanas (D:4)
  Crazy Yiuf (D:4)
  A scorpion zombie (D:5)
  3 adders
  2 white imps (D:5)
  An ufetubus (D:3)
  2 adder skeletons (D:4)
  3 dart slugs
  13 orcs
  8 ball pythons
  5 bats
  5 endoplasms
  4 giant cockroaches
  6 goblins
  8 hobgoblins
  3 jackals (D:1)
  7 kobolds
  6 quokkas
  4 frilled lizards
  2 goblin skeletons (D:3)
  2 goblin zombies (D:3)
  4 hobgoblin zombies (D:3)
  A kobold skeleton (D:3)
  An orc skeleton (D:3)
  A quokka skeleton (D:4)
  2 rats
106 creatures vanquished.

Notes
Turn   | Place    | Note
-------+----------+-------------------------------------------
     0 | D:1      | kae the Draconian Transmuter began the quest for the Orb.
     0 | D:1      | Reached XP level 1. HP: 16/16 MP: 3/3
   151 | D:1      | Reached XP level 2. HP: 20/23 MP: 3/5
   561 | D:1      | Reached skill level 3 in Transmutations
   645 | D:1      | Reached XP level 3. HP: 19/28 MP: 6/6
   669 | D:1      | Learned a level 3 spell: Spider Form
  1333 | D:2      | Reached XP level 4. HP: 27/35 MP: 6/8
  1338 | D:2      | Learned a level 4 spell: Ice Form
  1418 | D:2      | Reached skill level 1 in Poison Magic
  2053 | D:3      | Found a faded altar of an unknown god.
  2091 | D:3      | Reached skill level 4 in Transmutations
  2246 | D:3      | Found a sparkling altar of Nemelex Xobeh.
  2358 | D:3      | Found a glowing golden altar of the Shining One.
  2393 | D:3      | Reached XP level 5. HP: 27/40 MP: 7/9
  2506 | D:3      | Found Pezaet's General Store.
  2514 | D:3      | Bought a potion of heal wounds for 65 gold pieces
  2628 | D:3      | Identified the +0 robe "Zem Lor" {Archmagi}
  2912 | D:4      | Found a stormy altar of Qazlal.
  3135 | D:4      | Found a blossoming altar of Fedhas.
  3189 | D:4      | Reached skill level 1 in Ice Magic
  3257 | D:4      | Found a snail-covered altar of Cheibriados.
  3587 | D:4      | Reached skill level 5 in Transmutations
  3587 | D:4      | Reached XP level 6. HP: 45/47 MP: 11/11
  3612 | D:4      | Found a runed translucent door.
  3613 | D:4      | Noticed Crazy Yiuf
  4177 | D:4      | Upgraded the game from 0.28-a0-1389-gc726bef33b to
                  | 0.28-a0-1395-g4f6bc678fa
  4846 | D:4      | Killed Crazy Yiuf
  4977 | D:5      | Entered Level 5 of the Dungeon
  5377 | D:5      | Your scales start taking on a rich purple colour.
  5377 | D:5      | Reached XP level 7. HP: 29/52 MP: 11/13
  6133 | D:5      | HP: 1/52 [poisoned by a water moccasin]
  6133 | D:5      | Slain by a water moccasin

Illustrated notes

Levels and vault maps discovered:
D:1:      ebering_trefoil_twist, layout_loops_cross
D:2:      layout_rooms
D:3:      layout_basic, nicolae_tso_besieged_by_evil, mainiacjoe_overflow_paths,
          serial_shops, shop, hellmonk_ecumenical_altar_prayer_group
D:4:      layout_gridville, grunt_temple_overflow_forces_of_nature,
          mainiacjoe_overflow_alcove_2, uniq_crazy_yiuf_cottage
D:5:      layout_basic, serial_shops,
          nicolae_shop_temple_entry_statues_fountains,
          ebering_ghost_reflecting_pool, hellmonk_bongcloud_opening

Skill      XL: |  1  2  3  4  5  6 |
---------------+-------------------+-----
Transmutations | 3 4 5 |  5.9
Poison Magic   | 1 |  1.0
Spellcasting   | 3 4 |  4.8
Ice Magic      | 1 3 |  3.7
Fighting       | |  1.1
Dodging        | |  1.7
Unarmed Combat | |  3.0

Action                   |  1- 3 |  4- 6 |  7- 9 || total
-------------------------+-------+-------+-------++-------
Melee: Unarmed           |   105 |   231 |    49 ||   385
       Kick              |    19 |    34 |     1 ||    54
       Tailslap          |     6 |    15 |     1 ||    22
       Headbutt          |     9 |    16 |     3 ||    28
       Punch             |     2 |       |       ||     2
 Cast: Beastly Appendage |    19 |    29 |     1 ||    49
       Spider Form       |       |     6 |     4 ||    10
       Ice Form          |       |     2 |       ||     2
  Use: Scroll            |       |     4 |       ||     4
 Stab: Sleeping          |       |     1 |       ||     1
Armor: Skin              |    36 |    62 |    14 ||   112
Dodge: Dodged            |    69 |   174 |    34 ||   277

Table legend: (Time is in decaauts)
 A = Elapsed time spent in this place.
 B = Non-inter-level travel time spent in this place.
 C = Inter-level travel time spent in this place.
 D = Time resting spent in this place.
 E = Time spent auto-exploring this place.
 F = Levels seen in this place.
 G = Mean time per level.
                   A        B        C        D        E       F      G
               +--------+--------+--------+--------+--------+-----+--------+
         Total |   6125 |   5980 |    145 |    575 |   4576 |   5 | 1225.0 |
       Dungeon |   6125 |   5980 |    145 |    575 |   4576 |   5 | 1225.0 |
               +--------+--------+--------+--------+--------+-----+--------+

Top non-repeatable levels by time:
     D:4: 2219 daAuts
     D:1: 1317 daAuts
     D:3: 1210 daAuts
     D:5: 803 daAuts
     D:2: 573 daAuts
